 Dungeon Crawl Stone Soup version 0.30-a0-782-ge64f9170bb (webtiles) character file.

Game seed: 2113411072168175704

259 epen the Firebug (level 6, 0/44 HPs)
             Began as a Gnoll Wanderer on Feb 19, 2023.
             Slain by a gnoll
             ... wielding a +1 flail of protection
              (12 damage)
             ... on level 4 of the Dungeon.
             The game lasted 00:05:42 (3561 turns).

epen the Firebug (Gnoll Wanderer)                   Turns: 3561, Time: 00:05:42

Health: 0/44       AC:  3    Str: 10    XL:     6   Next: 17%
Magic:  1/11       EV: 13    Int: 13    God:
Gold:   82         SH:  0    Dex: 13    Spells: 10/11 levels left

rFire   . . .      SeeInvis .      - Unarmed
rCold   . . .      Faith    .    (no shield)
rNeg    . . .      Spirit   .    d - +0 robe
rPois   .          Reflect  .    (no helmet)
rElec   .          Harm     .    (no cloak)
rCorr   .          Rampage  .    n - +0 pair of gloves
Will    .....                    (no boots)
Stlth   ++                       o - amulet of regeneration
HPRegen 1.07/turn                (no ring)
MPRegen 0.12/turn                (no ring)

@: no status effects
A: fangs 1, strong nose, distributed training
a: no special abilities


You were on level 4 of the Dungeon.
You visited 1 branch of the dungeon, and saw 4 of its levels.

You collected 147 gold pieces.
You spent 65 gold pieces at shops.

Inventory:

Hand Weapons
 a - a +0 club
 h - a +0 dagger
Armour
 d - a +0 robe (worn)
 n - a +0 pair of gloves (worn)
Jewellery
 o - an amulet of regeneration (around neck)
 p - an amulet of guardian spirit
Wands
 b - a wand of flame (2)
Scrolls
 c - 2 scrolls of teleportation
 e - a scroll of fog
 i - 2 scrolls of noise {unknown}
 q - a scroll of fear {unknown}
 r - 5 scrolls of identify {unknown}
Potions
 f - a potion of lignification
 j - a potion of cancellation
 k - a potion of degeneration {unknown}
 l - a potion of might {unknown}
 m - a potion of magic {unknown}
 s - a potion of ambrosia {unknown}


   Skills:
 + Level 1.9 Fighting
 + Level 1.9 Short Blades
 + Level 1.9 Long Blades
 + Level 1.9 Axes
 + Level 1.9 Maces & Flails
 + Level 1.9 Polearms
 + Level 1.9 Staves
 + Level 1.9 Ranged Weapons
 + Level 1.9 Throwing
 + Level 1.9 Armour
 + Level 3.2 Dodging
 + Level 3.0 Stealth
 + Level 1.9 Shields
 + Level 1.9 Unarmed Combat
 + Level 3.4 Spellcasting
 + Level 1.5 Conjurations
 + Level 1.5 Hexes
 + Level 1.5 Summonings
 + Level 1.5 Necromancy
 + Level 1.5 Translocations
 + Level 1.5 Transmutations
 + Level 7.3 Fire Magic
 + Level 1.5 Ice Magic
 + Level 1.5 Air Magic
 + Level 1.5 Earth Magic
 + Level 1.5 Poison Magic
 + Level 3.3 Invocations
 + Level 5.0 Evocations


You had 10 spell levels left.
You knew the following spells:

 Your Spells              Type           Power      Damage    Failure   Level
a - Foxfire               Conj/Fire      52%        2x1d6     3%          1

Your spell library contained the following spells:

 Spells                   Type           Power      Damage    Failure   Level
 Ignite Poison            Fire/Tmut/Pois 11%        N/A       16%         3
 Flame Wave               Conj/Fire      13%        2d6       34%         4


Dungeon Overview and Level Annotations

Branches:
Dungeon (4/15)
 Temple: D:4-7

Altars:
Elyvilon
Gozag
Kikubaaqudgha
Uskayaw
Yredelemnul

Shops:
D:3 !


Innate Abilities, Weirdness & Mutations

You have very sharp teeth.
Your uncanny sense of smell can sniff out nearby items.
Your experience applies equally to all skills.


Message History

The gnoll is severely wounded.
The gnoll barely misses you.
You closely miss the gnoll. Your bite misses the gnoll.
The gnoll is severely wounded.
The gnoll hits you with a +1 flail of protection!
You are too injured to fight recklessly!
Casting: Foxfire (safe; 3% risk of failure)
Confirm with . or Enter, or press ? or * to list all spells.
You conjure some foxfire!
The gnoll barely misses you.
Your magical contamination has completely faded away.
You barely miss the gnoll.
The gnoll is severely wounded.
The foxfire hits the gnoll but does no damage.
The gnoll is severely wounded.
The foxfire hits the gnoll but does no damage.
The gnoll is severely wounded.
The gnoll completely misses you.
Casting: Foxfire (safe; 3% risk of failure)
Confirm with . or Enter, or press ? or * to list all spells.
You don't have enough magic to cast this spell.
You hit the gnoll but do no damage.
The gnoll is severely wounded.
The gnoll hits you with a +1 flail of protection!
* * * LOW HITPOINT WARNING * * *
You closely miss the gnoll.
The gnoll is severely wounded.
The gnoll misses you.
It was a potion of lignification.
You turn into a tree.
Your +0 pair of gloves melds into your body.
Your +0 robe melds into your body.
Your roots penetrate the ground.
The gnoll hits you but does no damage.
You are now empty-handed.
It was a potion of cancellation.
Your magical effects are unravelling.
You feel magically purged.
You feel less wooden.
Your +0 pair of gloves unmelds from your body.
Your +0 robe unmelds from your body.
The gnoll hits you with a +1 flail of protection!
You die...

##..####..... # #.
.........#... .#..
##..#######.. )..#
##### #..# .#
#>... #..## ..#
###.... ##...# ..#
#......
######..#.##..#
#.#####
#..g..g@...(.# #.#
..#####.#...## #.#
#.##.## ##.#
#....# #..##### .#
#..#.## ###.###...
#.#
#.##..###...###.##
..#
#..##..##.###..>#
...#
#...##.>..###.###
#..#
.#...####......#


You could see 2 gnolls.

Vanquished Creatures
  A jelly (D:3)
  An iguana (D:3)
  5 gnolls
  6 adders
  2 worms (D:2)
  3 dart slugs
  5 ball pythons
  5 endoplasms
  6 giant cockroaches
  9 hobgoblins
  18 jackals
  A quokka (D:1)
  6 bats
  4 frilled lizards
  3 goblins
  9 kobolds
  4 rats
88 creatures vanquished.

Vanquished Creatures (others)
  152 foxfires
152 creatures vanquished.

Grand Total: 240 creatures vanquished

Notes
Turn   | Place    | Note
-------+----------+-------------------------------------------
     0 | D:1      | epen the Gnoll Wanderer began the quest for the Orb.
     0 | D:1      | epen set off with the following items: a +0 club, a wand of
                  | flame (3), a scroll of teleportation, a +0 robe, a scroll
                  | of fog; and the following spell memorised: Foxfire; and the
                  | following spells available to memorise: Ignite Poison,
                  | Flame Wave.
     0 | D:1      | Reached XP level 1. HP: 13/13 MP: 4/4
   180 | D:1      | Reached XP level 2. HP: 2/19 MP: 3/5
   685 | D:1      | Reached XP level 3. HP: 6/25 MP: 4/7
  1424 | D:2      | Reached skill level 1 in Fighting
  1424 | D:2      | Reached skill level 1 in Short Blades
  1424 | D:2      | Reached skill level 1 in Long Blades
  1424 | D:2      | Reached skill level 1 in Axes
  1424 | D:2      | Reached skill level 1 in Maces & Flails
  1424 | D:2      | Reached skill level 1 in Polearms
  1424 | D:2      | Reached skill level 1 in Staves
  1424 | D:2      | Reached skill level 1 in Ranged Weapons
  1424 | D:2      | Reached skill level 1 in Throwing
  1424 | D:2      | Reached skill level 1 in Armour
  1424 | D:2      | Reached skill level 1 in Shields
  1424 | D:2      | Reached skill level 1 in Unarmed Combat
  1635 | D:2      | Reached XP level 4. HP: 17/32 MP: 8/8
  2088 | D:2      | Found a basalt altar of Yredelemnul.
  2100 | D:2      | Reached skill level 1 in Conjurations
  2100 | D:2      | Reached skill level 1 in Hexes
  2100 | D:2      | Reached skill level 1 in Summonings
  2100 | D:2      | Reached skill level 1 in Necromancy
  2100 | D:2      | Reached skill level 1 in Translocations
  2100 | D:2      | Reached skill level 1 in Transmutations
  2100 | D:2      | Reached skill level 1 in Ice Magic
  2100 | D:2      | Reached skill level 1 in Air Magic
  2100 | D:2      | Reached skill level 1 in Earth Magic
  2100 | D:2      | Reached skill level 1 in Poison Magic
  2625 | D:3      | Reached XP level 5. HP: 37/37 MP: 0/9
  2765 | D:3      | Found an ancient bone altar of Kikubaaqudgha.
  2765 | D:3      | Found a hide-covered altar of Uskayaw.
  2765 | D:3      | Found a white marble altar of Elyvilon.
  2765 | D:3      | Found an opulent altar of Gozag.
  2888 | D:3      | Found Pukass's Distillery.
  2904 | D:3      | Bought a potion of heal wounds for 65 gold pieces
  3390 | D:3      | Reached XP level 6. HP: 9/44 MP: 6/11
  3449 | D:3      | Reached skill level 5 in Evocations
  3561 | D:4      | Slain by a gnoll

Illustrated notes

Levels and vault maps discovered:
D:1:      onia_arrival_mini_maze_b, layout_loops_cross, chequers_mini_garden
D:2:      layout_basic, basic_altar, hangedman_glass_garden
D:3:      layout_loops_ring, grunt_temple_overflow_cloverleaf, serial_shops,
          nicolae_shop_statue_plus
D:4:      layout_rooms, vehumet_statue

Skill      XL: |  1  2  3  4  5  6 |
---------------+-------------------+-----
Fighting       | 1 |  1.9
Short Blades   | 1 |  1.9
Long Blades    | 1 |  1.9
Axes           | 1 |  1.9
Maces & Flails | 1 |  1.9
Polearms       | 1 |  1.9
Staves         | 1 |  1.9
Ranged Weapons | 1 |  1.9
Throwing       | 1 |  1.9
Armour         | 1 |  1.9
Shields        | 1 |  1.9
Unarmed Combat | 1 |  1.9
Spellcasting   | 3 |  3.4
Conjurations   | 1 |  1.5
Hexes          | 1 |  1.5
Summonings     | 1 |  1.5
Necromancy     | 1 |  1.5
Translocations | 1 |  1.5
Transmutations | 1 |  1.5
Ice Magic      | 1 |  1.5
Air Magic      | 1 |  1.5
Earth Magic    | 1 |  1.5
Poison Magic   | 1 |  1.5
Invocations    | 3 |  3.3
Dodging        | 3 |  3.2
Stealth        | 3 |  3.0
Evocations     | 5 |  5.0
Fire Magic     | |  7.3

Action                     |  1- 3 |  4- 6 || total
---------------------------+-------+-------++-------
  Melee: Dagger            |   155 |   180 ||   335
         Club              |     3 |       ||     3
         Bite              |    17 |    25 ||    42
         Punch             |     2 |     5 ||     7
   Cast: Foxfire           |    33 |    68 ||   101
  Evoke: Wand              |       |     1 ||     1
    Use: Scroll            |       |     1 ||     1
         Potion            |       |     3 ||     3
   Stab: Sleeping          |     2 |     2 ||     4
 Armour: Robe              |    46 |    55 ||   101
         Skin              |       |     1 ||     1
  Dodge: Dodged            |   118 |   137 ||   255

Table legend: (Time is in decaauts)
 A = Elapsed time spent in this place.
 B = Non-inter-level travel time spent in this place.
 C = Inter-level travel time spent in this place.
 D = Time resting spent in this place.
 E = Time spent auto-exploring this place.
 F = Levels seen in this place.
 G = Mean time per level.
                   A        B        C        D        E       F      G
               +--------+--------+--------+--------+--------+-----+--------+
         Total |   3543 |   3396 |    147 |    547 |   2088 |   4 |  885.8 |
       Dungeon |   3543 |   3396 |    147 |    547 |   2088 |   4 |  885.8 |
               +--------+--------+--------+--------+--------+-----+--------+

Top non-repeatable levels by time:
     D:1: 1337 daAuts
     D:3: 1022 daAuts
     D:2: 943 daAuts
     D:4: 239 daAuts
